Map: Costas tropicales

Players

MrFercho

  • Race: Terran Terran
  • Spawn Location: 12:00

tigro

  • Race: Terran Terran
  • Spawn Location: 0:00

TungLocTuan

  • Race: Protoss Protoss
  • Spawn Location: 6:00

VOD

Have the link to the VOD?

Description

Time

  • Played on: March 19, 2020, 11:32 p.m.
  • Length: 4:27
Show
View Real Time Build Order
Export as new Build Order

MrFercho Terran 

Build Orders:  

Get SALT Encoding   

  12  0:03  SCV  
  13  0:15  SCV  
  14  0:23  Supply Depot  
  14  0:34  Refinery  
  15  0:35  SCV  
  15  0:47  SCV  
  16  0:58  Barracks  
  16  1:42  SCV  
  18  1:54  SCV  
  18  1:55  Reaper  
  19  2:06  SCV  
  20  2:18  SCV  
  21  2:27  Marine  
  22  2:30  SCV  
  22  2:36  Engineering Bay  
Show
View Real Time Build Order
Export as new Build Order

tigro Terran 

Build Orders:  

Get SALT Encoding   

  12  0:05  SCV  
  13  0:18  Supply Depot  
  13  0:20  SCV  
  14  0:32  SCV  
  15  0:44  SCV  
  16  0:51  Barracks  
  16  0:56  SCV  
  17  1:06  Refinery  
  17  1:08  SCV  
  18  1:15  Refinery  
  18  1:20  SCV  
  19  1:32  SCV  
  20  1:44  Supply Depot, Marine  
  21  2:01  Marine  
  22  2:19  Marine  
  22  2:37  Marine  
  23  2:45  Barracks  
  23  2:55  Marine  
  24  3:13  Marine  
  25  3:30  Marine  
  26  3:36  Barracks Tech Lab  
  26  3:48  Marine  
  27  4:06  Marine  
  28  4:10  Engineering Bay  
Show
View Real Time Build Order
Export as new Build Order

TungLocTuan Protoss 

Build Orders:  

Get SALT Encoding   

  12  0:02  Probe  
  13  0:18  Probe (Chrono Boost)  
  14  0:28  Probe (Chrono Boost)  
  15  0:55  Pylon  
  15  0:57  Pylon  
  15  1:13  Probe (Chrono Boost)  
  15  1:14  Forge  
  15  1:18  Gateway  
  17  1:25  Probe (Chrono Boost)  
  17  1:30  Pylon  
  18  1:32  Probe (Chrono Boost)  
  18  1:39  Probe  
  18  1:45  Pylon  
  19  1:52  Probe  
  19  1:53  Pylon  
  20  2:04  Photon Cannon, Probe  
  20  2:07  Photon Cannon  
  21  2:17  Photon Cannon  
  21  2:25  Photon Cannon  
  21  2:37  Photon Cannon  
  21  2:44  Photon Cannon  
  21  2:56  Pylon  
  21  3:01  Pylon  
  21  3:16  Photon Cannon x2  
  21  3:21  Pylon  
  21  3:41  Photon Cannon  
  21  3:56  Gateway  
  21  3:58  Gateway  
  21  4:14  Probe (Chrono Boost)  
  21  4:15  Cybernetics Core  
  22  4:17  Cybernetics Core  
  22  4:23  Assimilator  
Tags
 
Add a new tag
Caveats
  • Supply blocks, unpowered buildings, or Contaminate may cause inaccurate times.
  • Supply counts are checked every 10 seconds.